 Dungeon Crawl Stone Soup version 0.17.2-1-ge4368a0 (webtiles) character file.

28 Hurricos the Insei (level 3, -5/23 HPs)
             Began as an Octopode Transmuter on Aug 4, 2017.
             Slain by Terence
             ... wielding a +0 trident
              (8 damage)
             ... on level 2 of the Dungeon.
             The game lasted 00:01:03 (1124 turns).

Hurricos the Insei (Octopode Transmuter)            Turns: 1124, Time: 00:01:03

Health: -5/23      AC:  1    Str: 10    XL:     3   Next: 14%
Magic:  6/6        EV:  7    Int: 15    God:
Gold:   47         SH:  0    Dex: 12    Spells: 1 memorised, 5 levels left

rFire  . . .     SeeInvis .       - Unarmed
rCold  . . .     Clarity  .     (no shield)
rNeg   . . .     SustAt   .     (helmet restricted)
rPois  .         Gourm    .     (no amulet)
rElec  .         Spirit   .     (no ring)
rCorr  .         Warding  .     (no ring)
rMut   .         Stasis   .     (no ring)
MR     .....                    (no ring)
Stlth  ++........               (no ring)
                                (no ring)
                                (no ring)
                                (no ring)

@: appendage (expiring), not resistant to hostile enchantments, unstealthy
A: almost no armour, amphibious, 8 rings, constrict 8, tentacle spike 3,
camouflage 1, gelatinous body 1
a: End Transformation


You were on level 2 of the Dungeon.
You were hungry.
One of your tentacles had a temporary spike.
You visited 1 branch of the dungeon, and saw 2 of its levels.

You collected 47 gold pieces.

Inventory:

Missiles
 a - 27 arrows
Scrolls
 d - a scroll of identify {unknown}
 e - 3 scrolls of remove curse {unknown}
 f - 2 scrolls of magic mapping {unknown}
Books
 b - a book of Changes

   Spells                             Type                      Level
   a - Beastly Appendage              Transmutation                1
   b - Sticks to Snakes               Transmutation                2
   c - Spider Form                    Transmutation/Poison         3
   d - Ice Form                       Ice/Transmutation            4
   e - Blade Hands                    Transmutation                5
Comestibles
 c - 2 bread rations


   Skills:
 - Level 1.0 Fighting
 + Level 2.5 Dodging
 + Level 3.4 Unarmed Combat
 - Level 2.0 Spellcasting
 + Level 2.6 Transmutations


You had 5 spell levels left.
You knew the following spells:

 Your Spells              Type           Power        Failure   Level  Hunger
a - Beastly Appendage     Trmt           #.....       10%         1    #......


Dungeon Overview and Level Annotations

Branches:
Dungeon (2/15)

Altars:

Annotations:
D:2 Terence


Innate Abilities, Weirdness & Mutations

You cannot wear most types of armour.
You are amphibious.
You can wear up to eight rings at the same time.
You can use your tentacles to constrict eight enemies at once.
Your skin changes colour to match your surroundings (Stealth).
Your rubbery body absorbs attacks (AC +1).
One of your tentacles bears a large vicious spike.


Message History

Confirm with . or Enter, or press ? or * to list all spells.
One of your tentacles grows a vicious spike.
You constrict Terence, but do no damage.
Terence hits you with a trident.
You tentacle-slap Terence. You squeeze Terence.
Terence is heavily wounded.
You constrict Terence, but do no damage.
Terence hits you with a trident.
You release your grip on Terence.
Terence hits you from afar with a trident.
* * * LOW HITPOINT WARNING * * *
Terence hits you from afar with a trident.
* * * LOW HITPOINT WARNING * * *
A kobold comes into view. It is wielding a dagger.
Things that are here:
a club; a goblin corpse
There is a stone staircase leading up here.
Your transformation is almost over.
Terence hits you from afar with a trident!
You die...

.....# #.###############
####.# #................
# #.# #....[...........
# #.# #................
# #.###................
# #.................K..
######...#+#...@........
#..#..........##.###....
#..#.#..#......#@.......
#..#.#..#..#........###.
#.......#..#.#....###
#.##..)....#......#
#......###.#####..#
#..........# #..#
#.########## #..# #.#
.... #.#


You could see Terence.

Vanquished Creatures
  A giant gecko (D:1)
  4 goblins
  7 hobgoblins (D:1)
  A quokka (D:2)
  3 giant newts (D:1)
  3 kobolds (D:1)
  6 rats (D:1)
25 creatures vanquished.

Notes
Turn   | Place    | Note
--------------------------------------------------------------
     0 | D:1      | Hurricos the Octopode Transmuter began the quest for the Orb.
     0 | D:1      | Reached XP level 1. HP: 13/13 MP: 3/3
   184 | D:1      | Reached XP level 2. HP: 13/18 MP: 5/5
   750 | D:1      | Reached XP level 3. HP: 19/23 MP: 4/6
  1105 | D:2      | Noticed Terence
  1124 | D:2      | Slain by Terence

Action                   || total
-------------------------++-------
Melee: Unarmed           ||    49
 Cast: Beastly Appendage ||     6
 Stab: Sleeping          ||     5
